 Dungeon Crawl Stone Soup version 0.16.1-51-g6203257 (webtiles) character file.

5913 poirepourri the Cleaver (level 10, -5/96 HPs)
             Began as a Deep Dwarf Fighter on Aug 1, 2015.
             Was a Priest of Okawaru.
             Slain by a hill giant
             ... wielding a +0 giant club
              (12 damage)
             ... on level 10 of the Dungeon.
             The game lasted 00:20:52 (5658 turns).

poirepourri the Cleaver (Deep Dwarf Fighter)        Turns: 5658, Time: 00:20:52

Health: -5/96      AC: 12    Str: 23      XL:     10   Next: 53%
Magic:  8/8        EV: 11    Int:  9      God:    Okawaru [***...]
Gold:   364        SH: 11    Dex: 11 (12) Spells: 0 memorised, 9 levels left

rFire  . . .     SeeInvis .     a - +1 war axe
rCold  . . .     Clarity  .     b - +0 scale mail
rNeg   . . .     SustAb   .     c - +0 shield
rPois  .         Gourm    .     z - +2 helmet
rElec  .         Spirit   .     i - +0 cloak
rCorr  .         Warding  .     (no gloves)
rMut   +         Stasis   .     (no boots)
MR     +....                    n - amulet of resist mutation
Stlth  ..........               (no ring)
                                t - ring of flight

@: non-regenerating, somewhat resistant to hostile enchantments, extremely
unstealthy
A: damage resistance, recharge devices, sense surroundings 3, slow healing 3
a: Device Recharging, Heroism, Renounce Religion, Evoke Flight


You were on level 10 of the Dungeon.
You worshipped Okawaru.
Okawaru was most pleased with you.
You were not hungry.

You visited 1 branch of the dungeon, and saw 10 of its levels.

You collected 364 gold pieces.

Inventory:

Hand weapons
 a - a +1 war axe (weapon)
Armour
 b - a +0 scale mail (worn)
 c - a +0 shield (worn)
 i - a +0 cloak (worn)
 s - a +0 helmet
 z - a +2 helmet (worn)
Jewellery
 m - an uncursed amulet of regeneration
 n - an amulet of resist mutation (around neck)
 t - a ring of flight (left hand)
 w - the ring of the Moon {+/*Tele Str+2 SInv}
   (You found it on level 5 of the Dungeon)

   [ring of teleportation]

   It causes random teleportation, and can be evoked to teleport at will.
   It affects your strength (+2).
   It enhances your eyesight.
Magical devices
 d - a wand of heal wounds (3)
 x - a wand of frost (24)
 C - a wand of enslavement (12)
 D - a wand of enslavement (12)
 E - a wand of digging (9)
Scrolls
 g - a scroll of remove curse
 h - a scroll of blinking
 j - 3 scrolls of teleportation
 r - a scroll of amnesia
 y - 2 scrolls of fog
 B - 2 scrolls of identify
Potions
 e - a potion of might
 p - 2 potions of curing
 q - 2 potions of brilliance
 u - 2 potions of restore abilities
 v - a potion of poison
Books
 A - a book of Air

   Spells                             Type                      Level
   a - Shock                          Conjuration/Air              1
   b - Swiftness                      Charms/Air                   2
   c - Repel Missiles                 Charms/Air                   2
   d - Flight                         Charms/Air                   3
   e - Static Discharge               Conjuration/Air              3
   f - Lightning Bolt                 Conjuration/Air              5
Comestibles
 f - 2 bread rations
 k - 2 slices of pizza
 l - 3 fruits
 o - 3 meat rations


   Skills:
 * Level 7.8 Fighting
 + Level 8.5 Axes
 + Level 7.6 Armour
 + Level 7.0 Dodging
 + Level 0.6 Stealth
 + Level 8.1 Shields
 + Level 1.3 Invocations
 + Level 2.7 Evocations


You had 9 spell levels left.
You didn't know any spells.

Dungeon Overview and Level Annotations

Branches:
Dungeon (10/15)            Temple (0/1) D:5             Orc (0/4) D:9
   Lair: D:8-11

Altars:
Okawaru
Xom

Annotations:
D:6 1 runed door


Innate Abilities, Weirdness & Mutations

You are resistant to damage.
You can recharge devices by infusing magical energy.
You passively map a large area around you.
You do not heal naturally.


Message History

Found a stone staircase leading up.
There is a stone staircase leading up here.
A hill giant comes into view. It is wielding a giant club.
The hill giant shouts!
Found a stone staircase leading down.
A hill giant is nearby!
A hill giant is nearby!
The hill giant hits you with a giant club!
You hit the hill giant but do no damage.
You slash the hill giant!
The hill giant is moderately wounded.
The hill giant hits you but does no damage.
You slash the hill giant!
The hill giant is heavily wounded.
The hill giant hits you with a giant club!!
* * * LOW HITPOINT WARNING * * *
You hit the hill giant.
The hill giant is heavily wounded.
The hill giant hits you with a giant club!
You die...

###########
##.........## * ,
##...#####...# . ,
#..### ##..# ..# *
,, ##..# ##.##
*..# * * ##...##
#..# ..# * *
......## ##..##>.#
..##...##
*#...@C.# ..
###<.# #...$....#
* , .
#....)...<.....# ,
* .
##......>.........
* * *
............#### *
,.########..## ,##
#..# * * ,, ##.. *
* *, , . * * *


You could see a hill giant.

Vanquished Creatures
  A troll (D:8)
  Grinder (D:6)
  11 yaks
  A steam dragon (D:7)
  Edmund (D:6)
  Menkaure (D:7)
  2 wargs (D:9)
  A water moccasin (D:6)
  5 ice beasts
  A sky beast (D:7)
  3 ogres
  An orc warrior (D:8)
  3 phantoms
  A black bear (D:7)
  A centaur (D:8)
  2 big kobolds
  3 giant frogs
  3 scorpions
  5 wights (D:8)
  2 goliath beetles
  A quasit (D:8)
  3 crimson imps
  4 jellies
  A giant frog skeleton (D:4)
  2 centaur skeletons
  2 hounds (D:7)
  An orc priest (D:4)
  8 worker ants
  An iguana (D:8)
  4 orc wizards
  Ijyb (D:7)
  A hound zombie (D:9)
  A hound skeleton (D:6)
  2 worker ant zombies
  16 adders
  3 gnolls (D:2)
  2 giant mites (D:2)
  A shadow imp (D:5)
  3 worms
  An adder skeleton (D:8)
  An ooze (D:1)
  15 orcs
  2 bat skeletons
  9 giant cockroaches
  16 goblins
  13 hobgoblins
  3 jackals (D:7)
  3 quokkas
  A ball python (D:1)
  11 bats
  7 giant geckos
  A giant gecko skeleton (D:9)
  2 giant newts (D:4)
  22 kobolds
  A quokka zombie (D:8)
  8 rats
  A rat zombie (D:8)
223 creatures vanquished.

Vanquished Creatures (others)
  An orc (D:6)
  A goblin (D:6)
  3 jackals (D:7)
  2 kobolds (D:6)
  A giant spore (D:7)
  5 toadstools (D:1)
13 creatures vanquished.

Grand Total: 236 creatures vanquished

Notes
Turn   | Place    | Note
--------------------------------------------------------------
     0 | D:1      | poirepourri, the Deep Dwarf Fighter, began the quest for the Orb.
     0 | D:1      | Reached XP level 1. HP: 20/20 MP: 1/1
   137 | D:1      | Reached XP level 2. HP: 25/27 MP: 2/2
   390 | D:1      | Reached skill level 1 in Dodging
   404 | D:2      | Reached XP level 3. HP: 17/34 MP: 3/3
   409 | D:2      | HP: 1/34 [gnoll/halberd (10)]
   512 | D:2      | Reached XP level 4. HP: 39/42 MP: 4/4
   516 | D:2      | Gained mutation: You passively map the area around you. [potion of mutation]
  1015 | D:3      | Reached XP level 5. HP: 33/49 MP: 5/5
  1210 | D:3      | Reached skill level 4 in Armour
  2027 | D:4      | Reached XP level 6. HP: 44/57 MP: 6/6
  2226 | D:4      | Noticed a phantom
  2303 | D:4      | Killed a phantom
  2303 | D:4      | Reached XP level 7. HP: 51/64 MP: 6/6
  2535 | D:5      | Entered Level 5 of the Dungeon
  2546 | D:5      | Noticed a yak
  2547 | D:5      | Noticed a yak
  2548 | D:5      | Noticed a yak
  2549 | D:5      | Noticed a yak
  2551 | D:5      | Noticed a yak
  2571 | D:5      | Killed a yak
  2571 | D:5      | Reached skill level 5 in Axes
  2571 | D:5      | Reached skill level 5 in Armour
  2571 | D:5      | Reached skill level 1 in Evocations
  2584 | D:5      | Killed a yak
  2587 | D:5      | Killed a yak
  2587 | D:5      | Reached skill level 5 in Fighting
  2587 | D:5      | Reached skill level 5 in Shields
  2587 | D:5      | Reached XP level 8. HP: 28/74 MP: 8/8
  2587 | D:5      | Killed a yak
  2589 | D:5      | Killed a yak
  2589 | D:5      | Reached skill level 6 in Armour
  2802 | D:5      | Found a staircase to the Ecumenical Temple.
  2806 | D:5      | Got a twitching ivory ring
  3275 | D:6      | Identified the ring of the Moon {+/*Tele Str+2 SInv} (You found it on level 5 of the Dungeon)
  3320 | D:6      | Reached skill level 5 in Dodging
  3324 | D:6      | Found a runed door.
  3384 | D:6      | Found a shimmering altar of Xom.
  3463 | D:6      | Noticed Grinder
  3489 | D:6      | Killed Grinder
  3489 | D:6      | Gained mutation: You passively map a large area around you. [level up]
  3489 | D:6      | Reached XP level 9. HP: 50/82 MP: 9/9
  3517 | D:6      | Noticed Edmund
  3538 | D:6      | Killed Edmund
  3892 | D:7      | Found an iron altar of Okawaru.
  3906 | D:7      | Became a worshipper of Warmaster Okawaru
  4062 | D:7      | Reached skill level 7 in Armour
  4188 | D:7      | Acquired Okawaru's first power
  4244 | D:7      | Noticed Menkaure
  4256 | D:7      | Killed Menkaure
  4321 | D:7      | Noticed Ijyb
  4331 | D:7      | Killed Ijyb
  4879 | D:8      | Reached XP level 10. HP: 56/94 MP: 9/9
  5410 | D:9      | Reached skill level 1 in Invocations
  5410 | D:9      | Reached skill level 8 in Axes
  5474 | D:9      | Found a staircase to the Orcish Mines.
  5634 | D:10     | Entered Level 10 of the Dungeon
  5652 | D:10     | Noticed a hill giant
  5658 | D:10     | Slain by a hill giant

Action                   |  1- 3 |  4- 6 |  7- 9 | 10-12 || total
-------------------------+-------+-------+-------+-------++-------
Melee: War axe           |    73 |   194 |   426 |   139 ||   832
Invok: Heroism           |       |       |     1 |     2 ||     3
 Abil: Device Recharging |       |     1 |     4 |     1 ||     6
Evoke: Wand              |     2 |     4 |    26 |     3 ||    35
  Use: Scroll            |       |     5 |     7 |       ||    12
       Potion            |       |     2 |     8 |       ||    10
  Eat: Bread ration      |       |     1 |     2 |       ||     3
       Pizza             |       |       |     1 |       ||     1
       Meat ration       |       |       |       |     1 ||     1
